Map: Acropolis LE

Players

Djorn

  • Race: Protoss Protoss
  • Spawn Location: 11:00

A.I. 1 (Hard) - Winner!

  • Race: Protoss Protoss
  • Spawn Location: 5:00

VOD

Have the link to the VOD?

Description

Time

  • Played on: Aug. 23, 2019, 10:52 a.m.
  • Length: 5:01
Show
View Real Time Build Order
Export as new Build Order

Djorn Protoss 

Build Orders:  

Get SALT Encoding   

  12  0:08  Probe  
  13  0:18  Pylon  
  13  0:20  Probe  
  14  0:33  Probe  
  15  0:42  Gateway  
  15  0:45  Probe  
  16  0:53  Probe  
  16  0:58  Assimilator  
  16  1:01  Probe  
  17  1:05  Assimilator  
  18  1:13  Probe  
  19  1:25  Probe  
  20  1:38  Probe  
  21  1:43  Cybernetics Core  
  21  1:48  Pylon  
  21  1:50  Probe  
  22  2:02  Probe  
  23  2:13  Stalker  
  25  2:35  Twilight Council  
  25  2:41  Forge, Stalker  
  27  2:55  Pylon  
  27  2:59  Nexus  
  27  3:02  Warp Gate  
  27  3:04  Stalker  
  29  3:31  Stalker  
  31  4:03  Probe  
  32  4:15  Probe  
  33  4:24  Pylon  
  33  4:27  Probe  
  34  4:39  Probe  
  34  4:44  Probe  
Show
View Real Time Build Order
Export as new Build Order

A.I. 1 (Hard) Protoss - Winner!

Build Orders:  

Get SALT Encoding   

  12  0:00  Probe  
  13  0:13  Probe  
  14  0:20  Pylon  
  14  0:25  Probe  
  15  0:34  Probe  
  15  0:42  Probe  
  16  0:47  Assimilator  
  17  0:51  Gateway  
  17  0:52  Probe  
  18  1:00  Pylon, Probe  
  19  1:18  Probe  
  20  1:37  Zealot  
  22  1:40  Gateway  
  22  1:44  Cybernetics Core  
  22  1:45  Assimilator  
  22  1:57  Zealot  
  22  1:58  Pylon  
  24  2:22  Warp Gate, Zealot  
  26  2:33  Zealot  
  28  2:38  Pylon  
  28  2:49  Zealot  
  30  2:55  Zealot  
  32  3:16  Stalker  
  32  3:18  Stalker  
  34  3:20  Pylon  
  36  3:30  Probe  
  37  3:42  Probe  
  37  3:46  Stalker  
  40  3:50  Forge  
  40  3:52  Adept  
  40  3:54  Probe  
  43  4:05  Probe  
  44  4:11  Pylon  
  44  4:13  Probe  
  44  4:21  Probe  
  44  4:23  Adept  
  48  4:36  Stalker  
Tags
 
Matchup
PvP
Replay Pack
sc2replays
Spawn Locations
Cross Positions
Add a new tag
Caveats
  • Supply blocks, unpowered buildings, or Contaminate may cause inaccurate times.
  • Supply counts are checked every 10 seconds.